 Dungeon Crawl Stone Soup version 0.30-a0-1066-g63dfefce0d (webtiles) character file.

Game seed: 15864193601092541907

4765 Newt the Skirmisher (level 10, -1/55 (57) HPs)
             Began as a Kobold Hunter on Apr 12, 2023.
             Was a Follower of Hepliaklqana.
             Slain by a wight
             ... wielding a +2 great sword
              (2 damage)
             ... on level 8 of the Dungeon.
             The game lasted 00:09:37 (7862 turns).

Newt the Skirmisher (Kobold Hunter)                 Turns: 7862, Time: 00:09:38

HP:   -1/55 (57)    AC:  5    Str:  8    XL:     10   Next: 75%
MP:   10/10         EV: 24    Int: 11    God:    Hepliaklqana [*.....]
Gold: 920           SH:  0    Dex: 28    Spells: 9/9 levels left

rFire   + + .      SeeInvis .    I - +4 arbalest (heavy)
rCold   . . .      Faith    .    (shield currently unavailable)
rNeg    + . .      Spirit   .    q - +1 leather armour {rN+}
rPois   .          Reflect  .    H - -2 hat of Dramatic Exits {rF++ Will- Dex+5}
rElec   .          Rampage  .    g - +1 cloak
rCorr   .                        A - +0 pair of gloves
Will    .....                    (no boots)
Stlth   +++                      (no amulet)
HPRegen 0.29/turn                f - +5 ring of evasion
MPRegen 0.12/turn                s - +4 ring of slaying

@: lightly drained
A: reduced essence, small, no large weapons, nightstalker 3, strong-willed 1
a: Renounce Religion, Recall Ancestor, Ancestor Identity


You were on level 8 of the Dungeon.
You worshipped Hepliaklqana.
Hepliaklqana was aware of your devotion.
You visited 2 branches of the dungeon, and saw 10 of its levels.

You collected 1347 gold pieces.
You spent 427 gold pieces at shops.

Inventory:

Hand Weapons
 a - a +1 shortbow
 I - a +4 heavy arbalest (weapon)
Armour
 c - a +0 leather armour
 e - a +2 robe of willpower
 g - a +1 cloak (worn)
 o - a +0 helmet
 q - a +1 leather armour of positive energy (worn)
 A - a +0 pair of gloves (worn)
 H - the -2 hat of Dramatic Exits (worn) {rF++ Will- Dex+5}
   (You found it on level 8 of the Dungeon)

   Dex:       It affects your dexterity (+5).
   rF:        It greatly protects you from fire.
   Will:      It decreases your willpower.
Jewellery
 f - a +5 ring of evasion (left hand)
 s - a +4 ring of slaying (right hand)
 t - a ring of fire
 D - an amulet of faith
Wands
 y - a wand of roots (23)
 C - a wand of digging (5)
 E - a wand of flame (15)
 G - a wand of paralysis (7)
Scrolls
 b - 3 scrolls of immolation
 i - a scroll of fog
 j - a scroll of blinking {unknown}
 k - 6 scrolls of teleportation
 n - 2 scrolls of amnesia {unknown}
 B - a scroll of silence {unknown}
 F - a scroll of magic mapping {unknown}
 J - a scroll of torment {unknown}
Potions
 d - 2 potions of brilliance
 h - a potion of mutation
 l - a potion of attraction
 m - 2 potions of haste {unknown}
 p - 2 potions of magic {unknown}
 r - 2 potions of heal wounds
 u - 2 potions of degeneration {unknown}
 v - a potion of resistance {unknown}
 w - 5 potions of curing
 x - 3 potions of lignification {unknown}
 z - a potion of flight {unknown}


   Skills:
 - Level 8.0 Fighting
 + Level 14.7 Ranged Weapons
 - Level 3.0 Armour
 - Level 6.0 Dodging
 - Level 1.3 Stealth
 - Level 6.0 Evocations


You had 9 spell levels left.
You didn't know any spells.
Your spell library contained the following spells:

 Spells                   Type           Power      Damage    Failure   Level
 Apportation              Tloc           0%         N/A       45%         1
 Shock                    Conj/Air       0%         1d3       45%         1
 Summon Small Mammal      Summ           0%         N/A       45%         1
 Call Canine Familiar     Summ           0%         N/A       83%         3
 Ozocubu's Armour         Ice            0%         N/A       83%         3
 Stone Arrow              Conj/Erth      0%         3d7       83%         3
 Summon Guardian Golem    Hex/Summ       0%         N/A       83%         3
 Swiftness                Air            0%         N/A       83%         3
 Airstrike                Air            0%         2d(0-16)  99%         4
 Animate Armour           Summ/Erth      0%         N/A       99%         4
 Alistair's Intoxication  Tmut/Pois      0%         N/A       100%        5
 Ozocubu's Refrigeration  Ice            0%         4d7       100%        7
 Lehudib's Crystal Spear  Conj/Erth      0%         10d2      100%        8


Dungeon Overview and Level Annotations

Branches:
Dungeon (9/15)             Temple (1/1) D:6
   Lair: D:8-11         Orc: D:9-12

Altars:
Ashenzari
Cheibriados
Dithmenos
Fedhas
Gozag
Hepliaklqana
Kikubaaqudgha
Nemelex Xobeh
Okawaru
Qazlal
Ru
Sif Muna
Uskayaw
Vehumet
Wu Jian
Yredelemnul
Zin
The Shining One

Shops:
D:3 *!*   D:7 ((!

Annotations:
D:3 1 runed translucent door, Ijyb; kougar's ghost, weakling DEFE
Temple 2 transporters


Innate Abilities, Weirdness & Mutations

Your life essence is reduced to manifest your ancestor. (-10% HP)
You are small and have problems with some larger weapons.
You are completely attuned to the shadows.
You are strong-willed. (Will+)


Message History

You climb downwards.
The wight barely misses you. The wight closely misses you.
The wight completely misses you.
The wight hits Nakurtum with a +3 hand axe.
The wight closely misses you. The wight completely misses you.
The wight closely misses you.
The wight hits Nakurtum with a +3 hand axe.
The kobold barely misses you. The kobold hits you but does no damage.
There is a stone staircase leading up here.
The kobold completely misses you. x2; Nakurtum barely misses the wight.
The wight hits you with a +1 flail. You partially resist.
You feel drained. The wight completely misses you.
The wight hits you with a +2 great sword!
The wight hits you with a +3 hand axe!
The wight barely misses Nakurtum.
You climb upwards.
There is a stone staircase leading down here.
You shoot a bolt. The bolt hits the wight!
The wight is heavily damaged.
The wight barely misses you. The kobold completely misses you.
Nakurtum hits the wight but does no damage.
The kobold misses you. The wight barely misses you.
The wight closely misses you. The wight completely misses you.
The kobold misses you. The wight misses you.
The wight hits you with a +1 flail! The kobold completely misses you.
Nakurtum hits the wight but does no damage.
You shoot a bolt. The bolt closely misses the wight.
The wight completely misses you. The kobold hits you but does no damage.
Nakurtum misses the wight.
The wight closely misses you. The kobold hits you but does no damage.
Unknown command.
You shoot a bolt. The bolt barely misses the wight.
The wight hits you with a +3 morningstar!
* * * LOW HITPOINT WARNING * * *
You partially resist.
You feel drained.
* * * LOW HITPOINT WARNING * * *
The kobold closely misses you.
Nakurtum hits the wight but does no damage.
The kobold hits you but does no damage. The wight barely misses you.
The wight completely misses you. The wight barely misses you.
The wight hits you with a +2 great sword.
You die...

#.#.......#.#.#
#.#.##.#....#.#
##(..##.##.....#
#..#.##....##..#
#.##.#####.##..######
#....# #.##..#....#
###### #....z..##.#
####zK####.#
#K@zR...# ##z##.###
#.##.# #....# ######


You could see the friendly Nakurtum the ancestor, 4 wights and 2 kobolds.

Vanquished Creatures
  A two-headed ogre (D:8)
  A tengu warrior (D:8)
  A hornet (D:5)
  A wyvern (D:7)
  Menkaure (D:7)
  2 water moccasins
  3 sky beasts
  An orc warrior (D:7)
  An ice beast (D:6)
  A centaur (D:7)
  4 phantoms
  2 kobold brigands (D:8)
  2 bullfrogs
  A gnoll sergeant (D:6)
  A wyvern zombie (D:6)
  2 scorpions
  3 wights (D:7)
  9 killer bees (D:8)
  A howler monkey (D:7)
  A bullfrog zombie (D:6)
  5 orc priests
  A hound (D:5)
  3 jellies (D:6)
  Jessica (D:2)
  A gnoll bouda (D:6)
  2 sleepcaps
  3 iguanas
  3 orc wizards
  Robin (D:3)
  18 gnolls
  5 adders
  A shadow imp (D:8)
  5 white imps
  2 ufetubi
  3 worms (D:2)
  6 dart slugs
  25 orcs
  6 endoplasms
  5 giant cockroaches
  21 goblins
  10 hobgoblins
  8 jackals
  10 kobolds
  3 quokkas
  4 ball pythons
  2 bats
  4 frilled lizards
  6 rats
203 creatures vanquished.

Vanquished Creatures (collateral kills)
  A killer bee (D:8)
  4 kobolds
5 creatures vanquished.

Vanquished Creatures (others)
  2 ancestors (D:8)
  A demonic plant (D:1)
  2 fungi (D:1)
  4 plants (D:1)
9 creatures vanquished.

Grand Total: 217 creatures vanquished

Notes
Turn   | Place    | Note
-------+----------+-------------------------------------------
     0 | D:1      | Newt the Kobold Hunter began the quest for the Orb.
     0 | D:1      | Reached XP level 1. HP: 12/12 MP: 1/1
    63 | D:1      | Reached XP level 2. HP: 18/18 MP: 2/2
   174 | D:1      | Reached XP level 3. HP: 23/23 MP: 3/3
   488 | D:1      | Found a faded altar of an unknown god.
   626 | D:1      | Reached XP level 4. HP: 30/30 MP: 4/4
   722 | D:2      | Identified a scroll of acquirement
   722 | D:2      | Acquired 708 gold pieces
   726 | D:2      | Noticed Jessica
   737 | D:2      | Killed Jessica
   738 | D:2      | Reached skill level 5 in Fighting
   934 | D:2      | Reached XP level 5. HP: 35/35 MP: 5/5
  1880 | D:3      | Reached skill level 6 in Ranged Weapons
  1913 | D:3      | Found a shadowy altar of Dithmenos.
  1936 | D:3      | Noticed Robin
  1954 | D:3      | Killed Robin
  2012 | D:3      | Found a runed translucent door.
  2013 | D:3      | Noticed kougar's ghost (weakling DEFE)
  2013 | D:3      | Noticed an ogre
  2028 | D:3      | Found an iron altar of Okawaru.
  2132 | D:3      | Found Umecvone's Assorted Antiques.
  2138 | D:3      | Bought a glowing leather armour for 105 gold pieces
  2246 | D:3      | Found Seammul's Distillery.
  2261 | D:3      | Bought a potion of heal wounds for 55 gold pieces
  2261 | D:3      | Bought a potion of curing for 33 gold pieces
  2270 | D:3      | Found Eggiut's General Store.
  2275 | D:3      | Bought a potion of invisibility for 80 gold pieces
  2413 | D:3      | Found an opulent altar of Gozag.
  2522 | D:3      | Noticed Ijyb
  2747 | D:3      | Found a sparkling altar of Nemelex Xobeh.
  3221 | D:4      | Reached skill level 7 in Ranged Weapons
  3221 | D:4      | Reached XP level 6. HP: 24/40 MP: 6/6
  3714 | D:4      | Reached skill level 8 in Ranged Weapons
  3916 | D:5      | Entered Level 5 of the Dungeon
  3947 | D:5      | Reached XP level 7. HP: 40/44 MP: 7/7
  3982 | D:5      | Noticed a hornet
  3985 | D:5      | Paralysed by a hornet for 1 turns
  4089 | D:5      | Killed a hornet
  4090 | D:5      | Reached skill level 9 in Ranged Weapons
  4365 | D:5      | Reached skill level 10 in Ranged Weapons
  4453 | D:5      | Reached XP level 8. HP: 49/49 MP: 8/8
  4493 | D:5      | Found a stormy altar of Qazlal.
  4723 | D:5      | Reached skill level 5 in Dodging
  4901 | D:5      | Found a blossoming altar of Fedhas.
  4902 | D:5      | Found a glowing golden altar of the Shining One.
  5281 | D:6      | Found a staircase to the Ecumenical Temple.
  5318 | Temple   | Entered the Ecumenical Temple
  5321 | Temple   | Found a transporter.
  5321 | Temple   | Found a transporter.
  5323 | Temple   | Found a transporter.
  5323 | Temple   | Found a transporter.
  5345 | Temple   | Became a worshipper of Hepliaklqana the Forgotten
  5559 | D:6      | Reached XP level 9. HP: 46/59 MP: 9/9
  5601 | D:6      | Found an ancient bone altar of Kikubaaqudgha.
  5848 | D:6      | Found a basalt altar of Yredelemnul.
  5878 | D:6      | You fall into a shaft and drop 1 floor!
  5878 | D:7      | Found Vifuas's Antique Weapon Shoppe.
  5893 | D:7      | Reached skill level 11 in Ranged Weapons
  6018 | D:7      | Noticed Menkaure
  6023 | D:7      | Killed Menkaure
  6186 | D:7      | Found Rigoofu's Weapon Shop.
  6253 | D:7      | Reached skill level 12 in Ranged Weapons
  6442 | D:7      | Found a radiant altar of Vehumet.
  6587 | D:7      | Found Muhicvane's Distillery.
  6594 | D:7      | Bought a potion of mutation for 88 gold pieces
  6594 | D:7      | Bought a potion of curing for 33 gold pieces
  6594 | D:7      | Bought a potion of curing for 33 gold pieces
  6594 | D:7      | Gained mutation: Your muscles are strong. (Str +4, Int/Dex
                  | -1) [potion of mutation]
  6594 | D:7      | Gained mutation: You have a pair of small horns on your
                  | head. [potion of mutation]
  6595 | D:7      | Lost mutation: Your muscles are strong. (Str +4, Int/Dex
                  | -1) [potion of mutation]
  6595 | D:7      | Lost mutation: You have a pair of small horns on your head.
                  | [potion of mutation]
  6595 | D:7      | Gained mutation: You are strong-willed. (Will+) [potion of
                  | mutation]
  6650 | D:7      | Reached * piety under Hepliaklqana
  6719 | D:7      | Reached skill level 13 in Ranged Weapons
  7079 | D:8      | Found an ornate altar of the Wu Jian Council.
  7202 | D:8      | Reached XP level 10. HP: 57/57 MP: 10/10
  7219 | D:8      | Reached skill level 14 in Ranged Weapons
  7219 | D:8      | Reached skill level 1 in Evocations
  7304 | D:8      | Acquired a +4 heavy arbalest
  7344 | D:8      | Noticed a two-headed ogre
  7348 | D:8      | Killed a two-headed ogre
  7447 | D:8      | Reached skill level 1 in Armour
  7548 | D:8      | Noticed a tengu warrior
  7553 | D:8      | Killed a tengu warrior
  7572 | D:8      | Found the +18 Lear's hauberk
  7593 | D:8      | Got the -2 hat of Dramatic Exits {rF++ Will- Dex+5}
  7862 | D:8      | HP: 1/55 [wight/+3 morningstar (3)]
  7862 | D:8      | Slain by a wight

Illustrated notes

Levels and vault maps discovered:
D:1:      erik_arrival_orb_chamber, layout_rooms, shapermc_ecumenical_altar_gd
D:2:      layout_basic, uniq_jessica
D:3:      layout_loops_corners, lemuel_tele_altar,
          nicolae_dithmenos_the_darkroom, nicolae_overflow_crystal_walls,
          mainiacjoe_overflow_small_starburst, ebering_ghost_inner_flame,
          serial_shops, shop_coins, nicolae_shop_trees, shop, uniq_robin,
          uniq_ijyb
D:4:      layout_loops_ring
D:5:      layout_cave_pools, gammafunk_temple_overflow_statue,
          nicolae_qazlal_general_emergency
D:6:      layout_loops_cross, lemuel_zombie_altar_yredelemnul,
          mainiacjoe_overflow_alcove_4, minmay_temple_entry_drinking_statues,
          minivault_23
D:7:      layout_basic, vehumet_altar_wand_db, serial_shops,
          nicolae_shop_bloodbath_and_beyond, nicolae_stop_n_shop_2,
          nicolae_shop_window_shopping, uniq_menkaure
D:8:      layout_basic, nzn_wu_jian_council_hall, hellmonk_guarded_unrand_lears
D:9:      layout_loops_cross, orc_0_dummy, hellmonk_guarded_unrand_frostbite,
          uniq_maggie, uniq_pikel
Temple:   hellmonk_temple_divided_pantheon

Skill      XL: |  1  2  3  4  5  6  7  8  9 10 |
---------------+-------------------------------+-----
Fighting       | 3 4 5 7 8 |  8.0
Ranged Weapons | 7 8 10 13 14 | 14.7
Dodging        | 4 6 |  6.0
Evocations     | 6 |  6.0
Armour         | 3 |  3.0
Stealth        | |  1.3

Action                     |  1- 3 |  4- 6 |  7- 9 | 10-12 || total
---------------------------+-------+-------+-------+-------++-------
  Melee: Unarmed           |       |     3 |       |       ||     3
   Fire: Shortbow          |    67 |   175 |   263 |    12 ||   517
         Arbalest          |       |       |       |    45 ||    45
    Use: Scroll            |       |     4 |     3 |     2 ||     9
         Potion            |       |     1 |     5 |       ||     6
 Armour: Leather armour    |     3 |    26 |    21 |     6 ||    56
  Dodge: Dodged            |     9 |    95 |   125 |    72 ||   301

Table legend: (Time is in decaauts)
 A = Elapsed time spent in this place.
 B = Non-inter-level travel time spent in this place.
 C = Inter-level travel time spent in this place.
 D = Time resting spent in this place.
 E = Time spent auto-exploring this place.
 F = Levels seen in this place.
 G = Mean time per level.
                   A        B        C        D        E       F      G
               +--------+--------+--------+--------+--------+-----+--------+
         Total |   7957 |   7634 |    323 |    640 |   5843 |  10 |  795.7 |
       Dungeon |   7915 |   7603 |    312 |    640 |   5834 |   9 |  879.4 |
        Temple |     41 |     31 |     10 |      0 |      9 |   1 |   41.0 |
               +--------+--------+--------+--------+--------+-----+--------+

Top non-repeatable levels by time:
     D:3: 1211 daAuts
     D:5: 1070 daAuts
     D:7: 1051 daAuts
     D:2: 993 daAuts
     D:6: 930 daAuts
     D:4: 904 daAuts
     D:1: 903 daAuts
     D:8: 843 daAuts
  Temple: 41 daAuts
     D:9: 6 daAuts
